 Dungeon Crawl Stone Soup version 0.31-a0-977-gc230f8ef24 (webtiles) character file.

Game seed: 9800553928187154060

2838 Arzdou the Mimic (level 9, -2/61 HPs)
             Began as an Octopode Shapeshifter on Oct 29, 2023.
             Was an Initiate of Gozag.
             Slain by an orc warrior
             ... wielding a +0 broad axe
              (10 damage)
             ... on level 8 of the Dungeon.
             The game lasted 00:14:34 (7293 turns).

Arzdou the Mimic (Octopode Shapeshifter)            Turns: 7293, Time: 00:14:35

Health: -2/61      AC:  9    Str: 16    XL:     9   Next: 74%
Magic:  9/9        EV: 13    Int: 14    God:    Gozag
Gold:   559        SH:  0    Dex: 11    Spells: 8/8 levels left

rFire   . .          .
                       - Unarmed
rCold   . . .        (no shield)
rNeg    . . .        (helmet restricted)
rPois   +            m - amulet of the acrobat
rElec   .            f - ring of poison resistance
rCorr   .            j - ring of the Tortoise {AC+8}
SInv    +            (no ring)
Will    +....        y - ring of see invisible
Stlth   ++           B - ring of willpower
HPRegen 0.30/turn    (no ring)
MPRegen 0.11/turn    (no ring)
                     (no ring)

%: acrobat
@: about to teleport, maw-form
A: devouring maw, almost no armour, amphibious, 8 rings, camouflage 1,
gelatinous body 1, (nimble swimmer 1), tentacles
a: Begin Untransformation, Renounce Religion, Potion Petition, Call Merchant,
Bribe Branch


You were on level 8 of the Dungeon.
You worshipped Gozag.
Gozag was pleased with you.
You were a creature with a mouth for a stomach.
You visited 2 branches of the dungeon, and saw 9 of its levels.

You collected 813 gold pieces.
You spent 143 gold pieces at shops.
You paid 111 gold pieces to Gozag.

Inventory:

Missiles
 q - 31 stones
 E - 21 poisoned darts (quivered)
 F - 2 throwing nets
Jewellery
 f - a ring of poison resistance (left tentacle)
 j - the ring of the Tortoise (right tentacle) {AC+8}
   (You found it on level 2 of the Dungeon)

   [ring of protection]

   AC+8:      It affects your AC (+8).
 m - an amulet of the acrobat (around mantle)
 y - a ring of see invisible (on tentacle)
 B - a ring of willpower (on tentacle)
Talismans
 b - a beast talisman
 c - a flux talisman
 v - a maw talisman (active)
Wands
 i - a wand of roots (5)
 r - a wand of mindburst (13)
 z - a wand of paralysis (12)
 H - a wand of digging (2)
Scrolls
 d - a scroll of teleportation
 e - 2 scrolls of immolation
 h - a scroll of amnesia
 l - 2 scrolls of noise
 o - 2 scrolls of enchant weapon
 p - a scroll of fog {unknown}
 t - a scroll of vulnerability {unknown}
 u - a scroll of blinking {unknown}
 w - a scroll of silence {unknown}
 D - 2 scrolls of fear {unknown}
 G - a scroll of brand weapon {unknown}
 J - a scroll of torment {unknown}
Potions
 a - 2 potions of lignification
 g - 5 potions of curing
 k - 2 potions of resistance {unknown}
 n - 2 potions of haste {unknown}
 s - a potion of brilliance {unknown}
 x - a potion of degeneration {unknown}
 A - 2 potions of enlightenment {unknown}
 C - 4 potions of heal wounds
 I - 2 potions of might {unknown}


   Skills:
 + Level 5.6 Fighting
 - Level 2.4 Dodging
 + Level 6.3 Unarmed Combat
 - Level 10.0 Shapeshifting


You had 8 spell levels left.
You didn't know any spells.
Your spell library contained the following spells:

 Spells                   Type           Power      Damage    Failure   Level
 Freeze                   Ice            0%         1d3       28%         1
 Magic Dart               Conj           0%         1d3       28%         1
 Searing Ray              Conj           0%         2d4       41%         2
 Frozen Ramparts          Ice            0%         1d1       65%         3
 Hailstorm                Conj/Ice       0%         3d3       65%         3
 Ignite Poison            Fire/Tmut/Pois 0%         N/A       65%         3
 Tukima's Dance           Hex            0%         N/A       65%         3
 Brom's Barrelling Bould  Conj/Erth      0%         2d3       96%         4
 Fulminant Prism          Conj/Hex       0%         3d5       96%         4
 Passage of Golubria      Tloc           0%         N/A       96%         4
 Sticky Flame             Conj/Fire      0%         2d3       96%         4
 Fireball                 Conj/Fire      0%         3d3       100%        5
 Iskenderun's Battlesphe  Conj           0%         2d6       100%        5
 Yara's Violent Unravell  Hex/Tmut       0%         3d3       100%        5
 Conjure Ball Lightning   Conj/Air       0%         3x3d6     100%        6
 Orb of Destruction       Conj           0%         9d5       100%        7
 Ignition                 Fire           0%         3d3       100%        8


Dungeon Overview and Level Annotations

Branches:
Dungeon (8/15)             Temple (1/1) D:5
   Lair: D:8-11

Altars:
Ashenzari
Cheibriados
Dithmenos
Elyvilon
Fedhas
Gozag
Hepliaklqana
Kikubaaqudgha
Makhleb
Nemelex Xobeh
Okawaru
Qazlal
Ru
Sif Muna
Trog
Uskayaw
Vehumet
Wu Jian
Xom
Yredelemnul
Zin
The Shining One

Shops:
D:6 !


Innate Abilities, Weirdness & Mutations

You are a creature with a mouth for a stomach.
Your midsection houses a second, enormous mouth.
You cannot wear most types of armour.
You are amphibious.
You can wear up to eight rings at the same time.
Your skin changes colour to match your surroundings (Stealth+).
Your rubbery body absorbs attacks. (AC +1, EV +1)
((You are camouflaged when in or above water. (Stealth+)))
You have tentacles for arms and can constrict up to eight enemies at once.


Message History

You barely miss the steam dragon. You bite the steam dragon.
The steam dragon is lightly wounded.
The steam dragon misses you. The steam dragon barely misses you.
You bludgeon the steam dragon! Your bite misses the steam dragon.
The steam dragon is heavily wounded.
The steam dragon bites you. The steam dragon barely misses you.
You barely miss the steam dragon.
The steam dragon is heavily wounded.
The steam dragon barely misses you. The steam dragon completely misses you.
You tentacle-slap the steam dragon.
You bite the steam dragon, but do no damage.
The steam dragon is severely wounded.
The steam dragon bites you but does no damage.
The steam dragon claws you but does no damage.
The orc warrior closely misses you.
You barely miss the steam dragon. Your bite misses the steam dragon.
The steam dragon is severely wounded.
The steam dragon closely misses you. The steam dragon misses you.
The orc misses you.
You closely miss the steam dragon. Your bite misses the steam dragon.
The steam dragon is severely wounded.
The orc warrior misses you. The steam dragon bites you!
The steam dragon misses you. The orc misses you.
You tentacle-slap the steam dragon. Your squeeze misses the steam dragon.
The steam dragon is severely wounded.
The orc warrior completely misses you.
You closely miss the steam dragon.
The steam dragon is severely wounded.
The steam dragon breathes steam at you. The ball of steam hits you!
* * * LOW HITPOINT WARNING * * *
The orc barely misses you. The orc warrior closely misses you.
Okay, then.
As you read the scroll of teleportation, it crumbles to dust.
You feel strangely unstable. The steam dragon bites you.
* * * LOW HITPOINT WARNING * * *
The steam dragon barely misses you. The orc barely misses you.
The orc warrior hits you with a +0 broad axe!
You die...
Your body crumbles into a pile of gold.

# ### ... #####
# ### .....
..##. ... .....
..$.. #+##..
.... ...##§.≈#
..#. ##§§§≈≈##
..# #≈≈§W⌠≈≈#
..# #≈.§Do.≈# #
..#
#§≈⌠o⌠≈≈#.###
..#
####§≈.≈≈##....
..#
...##§.≈##.....
.###.#
#...##'##.....#
.....#
.....§§§.......#
........
...##§§........#
...#.##.
#(........!#


You could see a steam dragon (catching breath), an orc warrior and an orc.

Vanquished Creatures
  Pikel (D:5)
  A hornet (D:6)
  A sky beast (D:7)
  An ogre (D:5)
  A centaur (D:8)
  A phantom (D:7)
  Blork the orc (D:5)
  3 kobold brigands
  4 bullfrogs
  3 wights (D:7)
  9 killer bees (D:7)
  A vampire bat (D:7)
  A howler monkey (D:7)
  A jelly (D:6)
  9 orc priests
  2 sleepcaps
  An iguana (D:4)
  3 orc wizards
  7 gnolls
  7 adders
  A white imp (D:7)
  2 ufetubi (D:6)
  3 worms
  3 dart slugs
  19 orcs
  3 bat skeletons (D:7)
  3 bat zombies (D:7)
  6 endoplasms
  2 giant cockroaches (D:1)
  5 goblins
  4 hobgoblins
  5 jackals
  4 quokkas
  4 ball pythons
  5 bats (D:1)
  A frilled lizard (D:3)
  25 kobolds
153 creatures vanquished.

Notes
Turn   | Place    | Note
-------+----------+-------------------------------------------
     0 | D:1      | Arzdou the Octopode Shapeshifter began the quest for the
                  | Orb.
     0 | D:1      | Reached XP level 1. HP: 13/13 MP: 1/1
   106 | D:1      | Reached XP level 2. HP: 18/18 MP: 2/2
   396 | D:1      | Reached XP level 3. HP: 23/23 MP: 3/3
   825 | D:2      | Found the ring of the Tortoise {AC+8}
  1116 | D:2      | Reached XP level 4. HP: 21/29 MP: 4/4
  1120 | D:2      | Reached skill level 4 in Shapeshifting
  1423 | D:3      | Found a glowing golden altar of the Shining One.
  1449 | D:3      | Reached XP level 5. HP: 15/34 MP: 5/5
  2572 | D:4      | Reached skill level 5 in Shapeshifting
  3118 | D:5      | Entered Level 5 of the Dungeon
  3148 | D:5      | Noticed an ogre
  3217 | D:5      | Noticed Pikel
  3217 | D:5      | Noticed a lemure
  3217 | D:5      | Noticed a lemure
  3428 | D:4      | Reached XP level 6. HP: 28/39 MP: 6/6
  3766 | D:5      | Reached skill level 6 in Shapeshifting
  3829 | D:5      | Found a staircase to the Ecumenical Temple.
  4099 | D:5      | Killed Pikel
  4100 | D:5      | Reached skill level 8 in Shapeshifting
  4100 | D:5      | Reached XP level 7. HP: 25/44 MP: 7/7
  4240 | D:5      | Noticed Blork the orc
  4255 | D:5      | Killed Blork the orc
  4256 | D:5      | Reached XP level 8. HP: 36/50 MP: 8/8
  4338 | D:6      | Found Miluoz's Distillery.
  4344 | D:6      | Bought 2 potions of heal wounds for 110 gold pieces
  4344 | D:6      | Bought a potion of curing for 33 gold pieces
  4361 | D:6      | Noticed a hornet
  4369 | D:6      | Killed a hornet
  4571 | D:5      | Reached skill level 5 in Unarmed Combat
  4780 | Temple   | Entered the Ecumenical Temple
  4793 | Temple   | Became a worshipper of Gozag Ym Sagoz the Greedy
  5705 | D:7      | Reached skill level 9 in Shapeshifting
  5705 | D:7      | Reached XP level 9. HP: 41/58 MP: 9/9
  5867 | D:7      | Found a blossoming altar of Fedhas.
  6300 | D:7      | Reached skill level 10 in Shapeshifting
  6818 | D:7      | Found an ancient bone altar of Kikubaaqudgha.
  6826 | D:7      | Reached skill level 5 in Fighting
  7277 | D:8      | Found a sacrificial altar of Ru.
  7293 | D:8      | Slain by an orc warrior

Illustrated notes

Levels and vault maps discovered:
D:1:      wander_arrival_estate, layout_basic, supply_closet_lemuel,
          minmay_tromino_i4
D:2:      layout_rooms
D:3:      layout_basic, amcnicky_altar_gilded, hangedman_glass_teeth
D:4:      layout_loops_cross, columned_hall_lemuel, serial_bayou_pond_a
D:5:      layout_cave_pods, minmay_temple_entry_from_below_b, chequers_garden,
          skrybe_limestone_x, chequers_serial_rivers_micro_b,
          uniq_blork_the_orc, uniq_pikel
D:6:      cheibrodos_thug_alley, layout_rooms, serial_shops,
          nicolae_shop_tiny_waterfront
D:7:      layout_basic, kennysheep_vampire_church, fedhas_altar_3,
          nicolae_lava_and_water
D:8:      layout_basic, hangedman_ru_absence, enter_bailey_2,
          kennysheep_small_circle
Temple:   mainiacjoe_temple_coin_purse

Skill      XL: |  1  2  3  4  5  6  7  8  9 |
---------------+----------------------------+-----
Shapeshifting  | 4 5 8 9 10 | 10.0
Fighting       | 2 4 5 |  5.6
Unarmed Combat | 5 6 |  6.3
Dodging        | |  2.4

Action                     |  1- 3 |  4- 6 |  7- 9 || total
---------------------------+-------+-------+-------++-------
  Melee: Unarmed           |    73 |   100 |   217 ||   390
         Constrict         |    20 |    24 |    41 ||    85
         Tentacles         |    12 |    21 |    38 ||    71
         Punch             |     2 |     2 |     7 ||    11
         Maw               |       |       |    24 ||    24
  Throw: Stone             |       |    12 |     6 ||    18
         Dart              |       |       |     9 ||     9
  Evoke: Wand              |       |       |     1 ||     1
    Use: Scroll            |       |     3 |     3 ||     6
         Potion            |       |       |     1 ||     1
   Stab: Sleeping          |       |     3 |     3 ||     6
         Paralysed         |       |       |     4 ||     4
         Distracted        |       |       |     2 ||     2
 Armour: Skin              |    24 |    39 |   120 ||   183
  Dodge: Dodged            |    30 |    58 |   176 ||   264
   Form: Maw               |       |       |     1 ||     1

Table legend: (Time is in decaauts)
 A = Elapsed time spent in this place.
 B = Non-inter-level travel time spent in this place.
 C = Inter-level travel time spent in this place.
 D = Time resting spent in this place.
 E = Time spent auto-exploring this place.
 F = Levels seen in this place.
 G = Mean time per level.
                   A        B        C        D        E       F      G
               +--------+--------+--------+--------+--------+-----+--------+
         Total |   7267 |   7056 |    211 |    888 |   4700 |   9 |  807.4 |
       Dungeon |   7240 |   7049 |    191 |    888 |   4700 |   8 |  905.0 |
        Temple |     26 |      6 |     20 |      0 |      0 |   1 |   26.0 |
               +--------+--------+--------+--------+--------+-----+--------+

Top non-repeatable levels by time:
     D:7: 1337 daAuts
     D:5: 1138 daAuts
     D:6: 1043 daAuts
     D:3: 1026 daAuts
     D:4: 1006 daAuts
     D:1: 787 daAuts
     D:2: 563 daAuts
     D:8: 336 daAuts
  Temple: 26 daAuts
